 Dungeon Crawl Stone Soup version 0.30-a0-1160-g6e42c06551 (webtiles) character file.

Game seed: 13905119959150171072

29075 cheesebisquit the Nimble (level 13, -8/100 HPs)
             Began as a Merfolk Ice Elementalist on Apr 24, 2023.
             Was a Priest of Vehumet.
             Mangled by Rupert
             ... wielding a +1 great mace of protection
              (17 damage)
             ... on level 12 of the Dungeon on Apr 25, 2023.
             The game lasted 01:15:37 (13324 turns).

cheesebisquit the Nimble (MfIE)                    Turns: 13324, Time: 01:15:38

Health: -8/100     AC: 23    Str:  9    XL:     13   Next: 42%
Magic:  22/24      EV: 19    Int: 33    God:    Vehumet [***...]
Gold:   242        SH:  0    Dex: 14    Spells: 2/27 levels left

rFire   + + .        G - staff of cold "Tiywaxka" {Fragile rPois rF+ rC+ Int+4}
rCold   + . .        (no shield)
rNeg    + . .        g - quicksilver dragon scales
rPois   +            (no helmet)
rElec   .            x - +2 cloak
rCorr   .            (no gloves)
SInv    .            (no boots)
Will    +....        m - amulet of Geaskegh {RegenMP Fragile rF+ rN+ Int+4}
Stlth   +            l - +6 ring of intelligence
HPRegen 0.36/turn    r - +5 ring of evasion
MPRegen 0.59/turn

%: no passive effects
@: ice-armoured, freezing walls, studying Long Blades
A: (nimble swimmer 2), mertail
a: Renounce Religion


You were on level 12 of the Dungeon.
You worshipped Vehumet.
Vehumet was most pleased with you.
You visited 2 branches of the dungeon, and saw 13 of its levels.
You also visited: Sewer and Bailey.

You collected 1194 gold pieces.
You spent 952 gold pieces at shops.

Inventory:

Hand Weapons
 c - a +0 mace
 u - a +3 scythe
 B - a +0 morningstar
 F - a +1 antimagic trident
 O - the +10 shortbow "Concordance" {flame, rF+ rN+ Dex+2}
   (You found it on level 7 of the Dungeon)

   Dex:       It affects your dexterity (+2).
   rF:        It protects you from fire.
   rN:        It protects you from negative energy.
 V - a +2 trident of venom
Missiles
 A - 56 poisoned darts
 L - 5 curare-tipped darts
 M - a boomerang
Armour
 g - quicksilver dragon scales (worn)
 x - a +2 cloak (worn)
 K - +0 acid dragon scales
Magical Staves
 G - the staff of cold "Tiywaxka" (weapon) {Fragile rPois rF+ rC+ Int+4}
   (You acquired it on level 5 of the Dungeon)

   [staff of cold]

   Base accuracy: +5 Base damage: 5 Base attack delay: 1.2 This weapon's minimum
   attack delay (0.6) is reached at skill level 12.
   Int:       It affects your intelligence (+4).
   rF:        It protects you from fire.
   rC:        It protects you from cold.
   rPois:     It protects you from poison.
   Fragile:   It will be destroyed if unequipped.
   It falls into the 'Staves' category.
   It is a one-handed weapon.
Jewellery
 e - a ring of protection from cold
 l - a +6 ring of intelligence (left hand)
 m - the amulet of Geaskegh (around neck) {RegenMP Fragile rF+ rN+ Int+4}
   (You acquired it on level 5 of the Dungeon)

   [amulet of magic regeneration]

   It increases your rate of magic regeneration.
   Int:       It affects your intelligence (+4).
   rF:        It protects you from fire.
   rN:        It protects you from negative energy.
   Fragile:   It will be destroyed if unequipped.
 n - an amulet of regeneration
 r - a +5 ring of evasion (right hand)
 z - a +4 ring of protection
 C - a +4 ring of protection
 T - an amulet of magic regeneration
Wands
 q - a wand of roots (6)
 t - a wand of paralysis (5)
 y - a wand of digging (6)
Scrolls
 b - 4 scrolls of teleportation
 d - 5 scrolls of immolation
 h - 2 scrolls of vulnerability
 i - 3 scrolls of silence
 j - 2 scrolls of fear
 p - 2 scrolls of poison
 v - 8 scrolls of enchant armour
 D - 2 scrolls of torment
 I - a scroll of noise
 J - a scroll of brand weapon
 P - a scroll of amnesia {unknown}
 Q - 5 scrolls of enchant weapon
 R - 2 scrolls of butterflies {unknown}
 Y - a scroll of fog {unknown}
Potions
 a - 2 potions of ambrosia
 f - 3 potions of curing
 k - 3 potions of mutation
 o - a potion of attraction
 s - 2 potions of lignification
 w - 2 potions of resistance
 E - 6 potions of cancellation
 H - a potion of invisibility
 N - a potion of degeneration
 S - 3 potions of magic
 U - a potion of brilliance
 X - a potion of flight {unknown}


   Skills:
 + Level 8.8 Fighting
 - Level 1.6(4.1) Maces & Flails
 - Level 3.6(7.0) Polearms
 + Level 6.0(6.3) Staves
 + Level 6.1 Armour
 + Level 11.1 Dodging
 - Level 2.1 Stealth
 + Level 7.8 Spellcasting
 - Level 4.1 Fire Magic
 + Level 10.6 Ice Magic
 + Level 7.1 Evocations


You had 2 spell levels left.
You knew the following spells:

 Your Spells              Type           Power      Damage    Failure   Level
a - Freeze                Ice            100%       1d10      1%          1
b - Frozen Ramparts       Ice            100%       1d16      1%          3
c - Ozocubu's Armour      Ice            90%        N/A       1%          3
d - Summon Ice Beast      Ice/Summ       64%        N/A       10%         4
e - Foxfire               Conj/Fire      100%       2x1d9     1%          1
f - Hailstorm             Conj/Ice       64%        3d14      1%          3
g - Ice Form              Ice/Tmut       64%        N/A       10%         4
h - Simulacrum            Ice/Necr       32%        N/A       83%         6

Your spell library contained the following spells:

 Spells                   Type           Power      Damage    Failure   Level
 Airstrike                Air            6%         2d(1-17)  22%         4
 Beastly Appendage        Tmut           26%        N/A       9%          1
 Slow                     Hex            52%        N/A       9%          1
 Summon Small Mammal      Summ           52%        N/A       9%          1
 Blink                    Tloc           26%        N/A       13%         2
 Wereblood                Tmut           13%        N/A       13%         2
 Flame Wave               Conj/Fire      26%        2d8       11%         4
 Iskenderun's Mystic Bla  Conj/Tloc      13%        2d5       22%         4
 Ozocubu's Refrigeration  Ice            45%        4d17      24%         7
 Call Canine Familiar     Summ           13%        N/A       26%         3
 Confusing Touch          Hex            13%        N/A       26%         3
 Spider Form              Tmut/Pois      13%        N/A       26%         3
 Summon Guardian Golem    Hex/Summ       13%        N/A       26%         3
 Vampiric Draining        Necr           13%        2d6       26%         3
 Animate Dead             Necr           13%        N/A       65%         4
 Plasma Beam              Fire/Air       13%        2x1d26    78%         6
 Borgnjor's Vile Clutch   Necr/Erth      6%         N/A       94%         5
 Death Channel            Necr           6%         N/A       100%        6


Dungeon Overview and Level Annotations

Branches:
Dungeon (12/15)            Temple (1/1) D:5            Lair (0/5) D:8
    Orc (0/2) D:11          Sewer (visited)          Bailey (visited)

Altars:
Ashenzari
Cheibriados
Dithmenos
Elyvilon
Fedhas
Gozag
Hepliaklqana
Kikubaaqudgha
Makhleb
Nemelex Xobeh
Okawaru
Qazlal
Ru
Sif Muna
Trog
Uskayaw
Vehumet
Wu Jian
Xom
Yredelemnul
Zin
The Shining One

Shops:
D:11 :

Annotations:
D:5 1 runed translucent door, voltaire321's ghost, novice OpHW
D:6 3 runed translucent doors, nononono's ghost, novice HuCA
D:9 3 runed translucent doors, 13Fox's ghost, novice DsHu
D:12 1 runed translucent door, Rupert


Innate Abilities, Weirdness & Mutations

((You are very nimble when in or above water. (Stealth+, EV+, Speed+++)))
Your lower body shifts to a powerful aquatic tail in water.


Message History

The wall freezes Rupert but does no damage.
Rupert closely misses you.
The wall freezes Rupert.
Rupert hits you with a +1 great mace of protection.
You feel much better.
The wall freezes Rupert.
Rupert misses you.
You hit Rupert but do no damage.
Rupert is heavily wounded.
The wall freezes Rupert but does no damage.
Rupert misses you.
The wall freezes Rupert!
Rupert barely misses you.
You hit Rupert but do no damage. You freeze Rupert.
Rupert is severely wounded.
The wall freezes Rupert.
Rupert hits you with a +1 great mace of protection.
You hit Rupert but do no damage. You freeze Rupert.
Rupert is severely wounded.
The wall freezes Rupert.
Rupert hits you with a +1 great mace of protection!!
You hit Rupert. You freeze Rupert!
Rupert is severely wounded.
The wall freezes Rupert.
Rupert completely misses you.
You hit Rupert but do no damage. You freeze Rupert!
Rupert is almost dead.
The wall freezes Rupert!
Rupert hits you with a +1 great mace of protection!!
* * * LOW HITPOINT WARNING * * *
The wall freezes Rupert!
Rupert barely misses you.
You hit Rupert.
Rupert is almost dead.
The wall freezes Rupert but does no damage.
Rupert hits you with a +1 great mace of protection!
* * * LOW HITPOINT WARNING * * *
You feel better.
The wall freezes Rupert!
Rupert hits you with a +1 great mace of protection!
* * * LOW HITPOINT WARNING * * *
You feel better.
The wall freezes Rupert but does no damage.
Rupert hits you with a +1 great mace of protection!!
* * * LOW HITPOINT WARNING * * *
The wall freezes Rupert.
Rupert hits you with a +1 great mace of protection!
You die...

#..#####.# #..#
#........# ...
#..#.##..#
#..#####...#.#..#
#.....(...###...#
#.######.## ##..#
#..# #.#
##.###)).# #..#
#@# ##.#†#..##
#..# #@##
##.##...) #..#
#Y.########.###.##
#..# ##.#........#
#.## #..#
#.#.######.# #.##
###..# #.#.# #.#
#... #....# #.#.#
#.# ####
#>#.#######.#.#
#.# #
#.#..........<#
#.# #
#.###...##...##
#.# #


You could see Rupert (berserk, ally target) and a friendly ice beast (summoned).

Vanquished Creatures
  2 two-headed ogres
  A boulder beetle (D:12)
  A skeletal warrior (D:12)
  3 orc knights (Bailey)
  A deep elf pyromancer (D:12)
  2 ugly things
  A manticore (D:8)
  A cyclops (D:11)
  A gargoyle (D:8)
  Maggie (D:6)
  3 kobold demonologists (D:11)
  3 komodo dragons (D:8)
  4 trolls
  Prince Ribbit (D:8)
  Sigmund (D:3)
  3 shadows
  4 wyverns
  A vampire (D:8)
  A wraith (D:11)
  3 steam dragons (D:8)
  19 yaks
  A basilisk (D:8)
  9 vampire mosquitoes
  Menkaure (D:6)
  A water moccasin (D:7)
  9 orc warriors
  3 black bears
  2 ice beasts (D:8)
  4 sky beasts
  10 centaurs
  4 kobold brigands
  5 bullfrogs
  3 gnoll sergeants
  3 scorpions
  3 wights (D:9)
  13 killer bees
  4 howler monkeys
  6 orc priests
  2 hounds
  2 sleepcaps
  3 iguanas
  12 orc wizards
  Robin (D:3)
  15 gnolls
  14 adders
  A shadow imp (D:6)
  4 white imps
  3 ufetubi
  2 dart slugs
  49 orcs
  3 bats (D:1)
  9 endoplasms
  14 giant cockroaches
  12 goblins
  12 hobgoblins
  6 quokkas
  14 ball pythons
  14 frilled lizards
  20 kobolds
  10 rats
360 creatures vanquished.

Vanquished Creatures (others)
  45 foxfires
  2 plants (D:9)
47 creatures vanquished.

Grand Total: 407 creatures vanquished

Notes
Turn   | Place    | Note
-------+----------+-------------------------------------------
     0 | D:1      | cheesebisquit the Merfolk Ice Elementalist began the quest
                  | for the Orb.
     0 | D:1      | Reached XP level 1. HP: 13/13 MP: 3/3
   247 | D:1      | Reached XP level 2. HP: 19/19 MP: 1/5
   332 | D:1      | Reached skill level 5 in Ice Magic
   689 | D:2      | Reached XP level 3. HP: 24/24 MP: 0/6
   786 | D:2      | Reached skill level 3 in Dodging
   908 | D:2      | Reached skill level 1 in Fighting
   966 | D:2      | Reached XP level 4. HP: 32/32 MP: 3/7
  1612 | D:3      | Learned a level 3 spell: Frozen Ramparts
  1616 | D:3      | Learned a level 3 spell: Ozocubu's Armour
  1685 | D:3      | Found a sparkling altar of Nemelex Xobeh.
  1714 | D:3      | Found a bloodstained altar of Trog.
  1743 | D:3      | Found a basalt altar of Yredelemnul.
  1748 | D:3      | Reached skill level 1 in Maces & Flails
  1748 | D:3      | Reached XP level 5. HP: 29/37 MP: 3/8
  1800 | D:3      | Reached skill level 1 in Armour
  1891 | D:3      | Noticed Robin
  1913 | D:3      | Killed Robin
  2007 | D:3      | Noticed Sigmund
  2027 | D:3      | Killed Sigmund
  2028 | D:3      | Reached skill level 4 in Dodging
  2028 | D:3      | Reached XP level 6. HP: 26/44 MP: 2/10
  2263 | D:3      | Found a glowing drain.
  2293 | Sewer    | Entered a sewer
  2528 | Sewer    | Reached skill level 1 in Polearms
  2528 | Sewer    | Reached XP level 7. HP: 44/51 MP: 2/11
  2872 | D:3      | Found a faded altar of an unknown god.
  2956 | D:3      | Found a glowing golden altar of the Shining One.
  3687 | D:4      | Reached skill level 5 in Dodging
  3977 | D:5      | Entered Level 5 of the Dungeon
  4236 | D:5      | Reached XP level 8. HP: 58/58 MP: 8/13
  4336 | D:5      | Found a runed translucent door.
  4336 | D:5      | Noticed voltaire321's ghost (novice OpHW)
  4614 | D:5      | Found a staircase to the Ecumenical Temple.
  4754 | Temple   | Entered the Ecumenical Temple
  5059 | D:5      | You fall into a shaft and drop 1 floor!
  5363 | D:5      | Identified 2 scrolls of acquirement
  5363 | D:5      | Acquired the staff of cold "Tiywaxka" {Fragile rPois rF+
                  | rC+ Int+4}
  5366 | D:5      | Acquired the amulet of Geaskegh {RegenMP Fragile rF+ rN+
                  | Int+4}
  5709 | D:6      | Noticed Menkaure
  5913 | D:6      | Killed Menkaure
  5914 | D:6      | Reached skill level 1 in Evocations
  5919 | D:6      | Reached skill level 1 in Staves
  6088 | D:6      | Found a runed translucent gate.
  6089 | D:6      | Found a runed translucent gate.
  6095 | D:6      | Found a runed translucent gate.
  6097 | D:6      | Noticed nononono's ghost (novice HuCA)
  6221 | D:6      | Reached skill level 6 in Dodging
  6409 | D:6      | Reached XP level 9. HP: 66/66 MP: 12/15
  6665 | D:6      | Noticed Maggie
  6680 | D:6      | Killed Maggie
  6971 | D:7      | Learned a level 4 spell: Summon Ice Beast
  7147 | D:7      | Reached skill level 5 in Fighting
  7205 | D:7      | Identified the +10 shortbow "Concordance" {flame, rF+ rN+
                  | Dex+2}
  7535 | D:7      | Upgraded the game from 0.30-a0-1157-g2cc9ac7196 to
                  | 0.30-a0-1160-g6e42c06551
  7536 | D:8      | Noticed Prince Ribbit
  7543 | D:8      | Killed Prince Ribbit
  7544 | D:8      | Reached skill level 7 in Dodging
  7602 | D:8      | Reached skill level 5 in Spellcasting
  7698 | D:8      | Noticed a troll
  7700 | D:8      | Noticed a manticore
  7710 | D:8      | Noticed a gargoyle
  7719 | D:8      | Killed a troll
  7719 | D:8      | Killed a manticore
  7720 | D:8      | Reached XP level 10. HP: 33/76 MP: 16/18
  7725 | D:8      | Killed a gargoyle
  7734 | D:8      | Reached skill level 8 in Dodging
  7996 | D:8      | Found a white marble altar of Elyvilon.
  8355 | D:8      | Noticed a two-headed ogre
  8364 | D:8      | Killed a two-headed ogre
  8483 | D:8      | Found a radiant altar of Vehumet.
  8496 | D:8      | Reached XP level 11. HP: 83/83 MP: 15/20
  8514 | D:8      | Became a worshipper of Vehumet
  8884 | D:8      | Reached skill level 9 in Dodging
  8906 | D:8      | Found a staircase to the Lair.
  8922 | D:8      | Reached skill level 5 in Evocations
  9201 | D:9      | Found a flagged portal.
  9222 | Bailey   | Entered a bailey
  9384 | Bailey   | Noticed an orc knight
  9385 | Bailey   | Noticed an orc knight
  9394 | Bailey   | Reached * piety under Vehumet
  9394 | Bailey   | Offered knowledge of Magic Dart by Vehumet.
  9395 | Bailey   | Killed an orc knight
  9432 | Bailey   | Killed an orc knight
  9433 | Bailey   | Reached skill level 5 in Armour
  9508 | Bailey   | Noticed an orc knight
  9532 | Bailey   | Killed an orc knight
  9745 | D:9      | Found a stormy altar of Qazlal.
  9852 | D:9      | Reached ** piety under Vehumet
  9963 | D:9      | Offered knowledge of Foxfire by Vehumet.
 10026 | D:9      | Noticed a green ugly thing
 10043 | D:9      | Killed a green ugly thing
 10094 | D:9      | Reached skill level 5 in Staves
 10094 | D:9      | Reached skill level 10 in Dodging
 10094 | D:9      | Reached skill level 10 in Ice Magic
 10094 | D:9      | Reached XP level 12. HP: 94/94 MP: 21/23
 10153 | D:9      | Noticed a two-headed ogre
 10159 | D:9      | Killed a two-headed ogre
 10330 | D:9      | Found a runed translucent gate.
 10330 | D:9      | Noticed a ten-headed hydra
 10331 | D:9      | Found a runed translucent gate.
 10331 | D:9      | Found a runed translucent gate.
 10331 | D:9      | Noticed 13Fox's ghost (novice DsHu)
 10369 | D:10     | Entered Level 10 of the Dungeon
 10778 | D:10     | Reached XP level 13. HP: 38/99 MP: 24/24
 11345 | D:10     | Got the Encyclopedia of Dislocation and Calefaction
 11348 | D:10     | Learned a level 1 spell: Foxfire
 11424 | D:10     | Reached skill level 1 in Fire Magic
 11779 | D:11     | Offered knowledge of Searing Ray by Vehumet.
 11876 | D:11     | Found a staircase to the Orcish Mines.
 12059 | D:11     | Reached *** piety under Vehumet
 12208 | D:11     | Found Ylyi's Book Shoppe.
 12216 | D:11     | Bought a book of the Tundra for 544 gold pieces
 12220 | D:11     | Learned a level 3 spell: Hailstorm
 12225 | D:11     | Learned a level 4 spell: Ice Form
 12232 | D:11     | Learned a level 6 spell: Simulacrum
 12232 | D:11     | Bought Ozocubu's Autobiography for 408 gold pieces
 12570 | D:12     | Found a runed translucent door.
 12751 | D:12     | Reached skill level 11 in Dodging
 13218 | D:12     | Offered knowledge of Airstrike by Vehumet.
 13300 | D:12     | Noticed Rupert
 13324 | D:12     | Mangled by Rupert

Illustrated notes

Levels and vault maps discovered:
D:1:      lightli_arrival_quake, layout_rooms
D:2:      layout_rooms
D:3:      layout_basic, nicolae_overflow_quartered_altars,
          hellmonk_ecumenical_altar_inner_sanctum, gup_sewer_entry_glass,
          uniq_robin, uniq_sigmund
D:4:      layout_loops_ring, kennysheep_big_empty_room, minmay_misc_feat_pillars
D:5:      layout_basic, minmay_temple_entry_mist, hellmonk_ghost_happy_afterlife
D:6:      layout_gridville, gammafunk_ghost_necromancy, uniq_menkaure,
          uniq_maggie
D:7:      layout_rooms, skrybe_limestone_x, grunt_ministairs_7
D:8:      minmay_ornate_pinched, layout_rooms, vehumet_crystals,
          lemuel_round_altar, erik_lair_dragon, grunt_ministairs_11,
          chequers_serial_rivers_micro_d, uniq_prince_ribbit1
D:9:      layout_roguey, mainiacjoe_overflow_small_starburst, enter_bailey_3,
          gammafunk_ghost_hydra_chop, grunt_ministairs_9
D:10:     layout_gridville
D:11:     layout_rooms, david_orc_3, serial_shops, shop
D:12:     cheibrodos_shockbox, layout_loops_ring, uniq_rupert
Temple:   eino_wide_crystal_templ

Skill      XL: |  1  2  3  4  5  6  7  8  9 10 11 12 13 |
---------------+----------------------------------------+-----
Ice Magic      | 5 6 7 8 10 | 10.6
Dodging        | 3 4 5 6 7 8 10 11 | 11.1
Fighting       | 1 2 3 4 5 6 8 |  8.8
Maces & Flails | 1 |  1.6
Armour         | 1 2 3 4 5 6 |  6.1
Polearms       | 1 3 |  3.6
Spellcasting   | 3 4 5 6 7 |  7.8
Evocations     | 1 3 4 6 7 |  7.1
Staves         | 1 3 4 5 6 |  6.0
Fire Magic     | 4 |  4.1
Stealth        | |  2.1

Action                     |  1- 3 |  4- 6 |  7- 9 | 10-12 | 13-15 || total
---------------------------+-------+-------+-------+-------+-------++-------
  Melee: Mace              |    39 |     8 |       |       |       ||    47
         Punch             |     1 |       |     2 |     6 |     5 ||    14
         Halberd           |       |     8 |   118 |       |       ||   126
         Tailslap          |       |       |     1 |       |       ||     1
         Staff             |       |       |   107 |   348 |   181 ||   636
   Cast: Freeze            |    42 |    96 |    64 |       |       ||   202
         Frozen Ramparts   |       |       |    50 |    65 |    45 ||   160
         Ozocubu's Armour  |       |       |    31 |    43 |    28 ||   102
         Foxfire           |       |       |       |       |    26 ||    26
         Summon Ice Beast  |       |       |       |       |     5 ||     5
  Evoke: Wand              |       |       |       |     5 |       ||     5
    Use: Potion            |       |     1 |       |     8 |     7 ||    16
         Scroll            |       |       |    18 |     9 |     3 ||    30
   Stab: Sleeping          |       |       |     1 |       |       ||     1
 Armour: Robe              |     6 |       |       |       |       ||     6
         Quicksilver drago |    39 |    31 |   116 |   130 |    57 ||   373
  Dodge: Dodged            |    51 |    74 |   231 |   322 |   146 ||   824

Table legend: (Time is in decaauts)
 A = Elapsed time spent in this place.
 B = Non-inter-level travel time spent in this place.
 C = Inter-level travel time spent in this place.
 D = Time resting spent in this place.
 E = Time spent auto-exploring this place.
 F = Levels seen in this place.
 G = Mean time per level.
                   A        B        C        D        E       F      G
               +--------+--------+--------+--------+--------+-----+--------+
         Total |  13314 |  12444 |    870 |    556 |   8973 |  15 |  887.6 |
       Dungeon |  12324 |  11477 |    847 |    556 |   8282 |  12 | 1027.0 |
        Temple |     68 |     45 |     23 |      0 |     33 |   1 |   68.0 |
         Sewer |    510 |    510 |      0 |      0 |    377 |   1 |  510.0 |
        Bailey |    411 |    411 |      0 |      0 |    281 |   1 |  411.0 |
               +--------+--------+--------+--------+--------+-----+--------+

Top non-repeatable levels by time:
     D:8: 1641 daAuts
     D:5: 1534 daAuts
    D:10: 1269 daAuts
     D:4: 1118 daAuts
     D:6: 1112 daAuts
     D:2: 963 daAuts
     D:3: 929 daAuts
     D:9: 848 daAuts
    D:11: 786 daAuts
    D:12: 773 daAuts
     D:7: 703 daAuts
     D:1: 644 daAuts
   Sewer: 510 daAuts
  Bailey: 411 daAuts
  Temple: 68 daAuts
